 Dungeon Crawl Stone Soup version 0.14-a0-102-g2341383 (console) character file.

92216 Kellhus the Destroyer (level 16, 86/86 HPs)
             Began as a Gargoyle Wizard on Oct 2, 2013.
             Was a High Priest of Vehumet.
             Quit the game on Level 16 of the Dungeon.
             The game lasted 01:56:26 (41499 turns).

Kellhus the Destroyer (Gargoyle Wizard)            Turns: 41499, Time: 01:56:26

HP  86/86        AC 20     Str 11      XL: 16   Next:  2%
MP  34/44        EV 13     Int 26      God: Vehumet [*****.]
Gold 1118        SH  0     Dex  8      Spells:  9 memorised,  3 levels left

Res.Fire  : + + .   See Invis. : +   a - staff of wizardry
Res.Cold  : + . .   Warding    : .   F - +2 robe {rC+ rF+}
Life Prot.: + . .   Conserve   : +   (no shield)
Res.Poison: +       Res.Corr.  : +   s - +0 mask of the Dragon {MR+ Acc+3 Dam+3 SIn Res.Elec. : + Clarity : + o - +1 cloak {rCorr, Cons}
Sust.Abil.: . .     Spirit.Shd : .   E - +1 pair of gauntlets
Res.Mut.  : .       Stasis     : .   O - +0 pair of boots
Res.Rott. : +       Flight     : +   D - amulet of clarity
Saprovore : . . .                    w - ring of protection from fire {unknown}
                                     V - ring of magical power

@: flying, quite resistant to hostile enchantments, fairly stealthy
A: large and strong wings, fangs 1, talons 2, life protection 1, electricity
resistance, slow metabolism 1, unbreathing, petrification resistance, AC +11
a: Stop Flying, Renounce Religion


You were on level 16 of the Dungeon.
You worshipped Vehumet.
Vehumet was extremely pleased with you.
You were not hungry.

You visited 4 branches of the dungeon, and saw 29 of its levels.
You also visited: Labyrinth.

You collected 2903 gold pieces.
You spent 1805 gold pieces at shops.

Inventory:

Hand weapons
 b - a cursed +4,+3 dwarven war axe of electrocution
Armour
 o - a +1 cloak of preservation (worn)
 s - the +0 mask of the Dragon (worn) {MR+ Acc+3 Dam+3 SInv}
   (You bought it in a shop on level 4 of the Orcish Mines)

   It affects your accuracy (+3).
   It affects your damage-dealing abilities (+3).
   It affects your resistance to hostile enchantments.
   It enhances your eyesight.
 E - a +1 pair of gauntlets (worn)
 F - a +2 robe of resistance (worn)
 O - a +0 pair of boots (worn)
Magical devices
 j - a wand of fireball (4) {unknown}
 t - a wand of disintegration (9)
 X - a wand of digging (14)
Comestibles
 d - 6 bread rations
 f - 5 meat rations
 l - a choko
 z - 3 chunks of hill giant flesh
 B - 7 beef jerkies
Scrolls
 h - a scroll of torment {unknown}
 k - 2 scrolls of identify
 m - 6 scrolls of teleportation
 v - a scroll of amnesia
 x - 3 scrolls of blinking
 y - a scroll of enchant weapon III {unknown}
 I - 2 scrolls of magic mapping
 P - 6 scrolls of remove curse
Jewellery
 c - the ring of Kikubaaqudgha's Favour {Fire MR++ SInv}
   (You found it on level 13 of the Dungeon)

   [ring of fire]

   It affects your resistance to hostile enchantments.
   It enhances your eyesight.
 e - an uncursed ring of positive energy
 g - an uncursed ring of protection from cold
 w - a ring of protection from fire (right hand) {unknown}
 D - an amulet of clarity (around neck)
 V - a ring of magical power (left hand)
Potions
 i - 2 potions of might
 n - 7 potions of heal wounds
 p - 11 potions of curing
 q - 2 potions of speed
 r - 3 potions of resistance
 u - 3 potions of agility
 L - 3 potions of brilliance
 M - 3 potions of magic
Magical staves
 a - an uncursed staff of wizardry (weapon)


   Skills:
 - Level 7.0 Fighting
 - Level 5.5 Dodging
 - Level 2.1 Stealth
 + Level 12.8 Spellcasting
 - Level 16.3 Conjurations
   Level 0.8 Summonings
 - Level 0.8 Translocations
 - Level 16.2 Ice Magic


You had 3 spell levels left.
You knew the following spells:

 Your Spells              Type           Power        Failure   Level  Hunger
a - Throw Icicle          Conj/Ice       #######.     1%          4    None
b - Poison Arrow          Conj/Pois      ######....   2%          6    #####..
c - Bolt of Cold          Conj/Ice       #######...   1%          6    #####..
e - Regeneration          Chrm/Necr      ###.......   4%          3    None
g - Ozocubu's Refrigerat  Ice            #######...   1%          6    #####..
l - Blink                 Tloc           N/A          1%          2    None
n - Iron Shot             Conj/Erth      ######....   2%          6    #####..
r - Repel Missiles        Chrm/Air       ###.......   2%          2    None
s - Swiftness             Chrm/Air       ###.......   2%          2    None


Dungeon Overview and Level Annotations

Branches:
Dungeon (16/27)            Temple (1/1) D:4             Orc (4/4) D:8
    Elf (0/3) Orc:4          Lair (8/8) D:9           Swamp (0/5) Lair:6
  Snake (0/5) Lair:6        Slime (0/6) Lair:6
 Vaults: D:15-20

Altars:
Ashenzari
Cheibriados
Elyvilon
Fedhas
Kikubaaqudgha
Makhleb
Nemelex Xobeh
Okawaru
Sif Muna
Trog
Vehumet
Xom
Yredelemnul
Zin
the Shining One
Beogh

Shops:
D:16 =   Orc:2 =   Orc:3 /   Orc:4 (+[([

Portals:
Ziggurat: D:4 (4410 gp)

Annotations:
Lair:6 exclusion: oklob plant


Innate Abilities, Weirdness & Mutations

You are resistant to torment.
You are immune to poison.
You can fly continuously.
Your stone body is very resilient (AC +11).
Your wings are large and strong.
You have very sharp teeth.
You have razor-sharp toenails.
You resist negative energy.
You are resistant to electric shocks.
You have a slow metabolism.
You can survive without breathing.
You are immune to petrification.


Message History

Eat one of 4 chunks of hill giant flesh? (ye/n/q/i?) This raw flesh tastes terrible.
You are feeling hungry.
You continue eating.
Eat one of 3 chunks of hill giant flesh? (ye/n/q/i?) This raw flesh tastes terrible.
You continue eating.
Inscribe which item? (? for menu, Esc to quit)
Okay, then.
Put on which piece of jewellery? (? for menu, Esc to quit)
You're wearing all the rings you can.
Remove which one? (? for menu, Esc to cancel) < or
V - a ring of magical power; > or
g - a ring of protection from cold You remove your ring of protection from cold.
w - a blackened silver ring (right hand) {tried} Read which item? (? for menu, Esc to quit)
Okay, then.
Put on which piece of jewellery? (? for menu, Esc to quit)
Okay, then.
Are you sure you want to abandon this character and quit the game? (Confirm with "yes".)

#.. #.#### ##########....#
..............#
..............+
#............###+#+####
#............#..........
#............#..........#
#......#'#####.@........#
#∩.....#....##........./#
#......####.##..........#
#....).# #.##..........#
#######.####.##..........+
...........#.##..........#
#######.......'..........+
.....##.#.##..........#
#######<#.##..........#


There were no monsters in sight!

Vanquished Creatures
  2 orc warlords
  Gastronok (D:13)
  A minotaur (Lab)
  Harold (D:11)
  Josephine (Orc:3)
  6 hydras
  Nessos (D:12)
  Erica (Lair:2)
  4 death yaks (Lair:6)
  4 orc high priests (Orc:4)
  2 deep elf knights (Orc:4)
  3 unseen horrors
  2 centaur warriors
  Erolcha (D:12)
  5 hill giants
  A necromancer (Lair:7)
  A wolf spider zombie (D:14)
  A cyclops (D:11)
  4 griffons
  3 orc sorcerers (Orc:4)
  7 orc knights
  13 elephants
  A black mamba (Lair:6)
  Psyche (Orc:2)
  A smoke demon (Orc:4)
  13 spiny frogs
  A hydra zombie (D:11)
  A spriggan (shapeshifter) (D:15)
  A fire drake (Lair:3)
  11 trolls
  Grinder (D:5)
  5 komodo dragons
  A queen bee (D:9)
  Sonja (Orc:2)
  2 two-headed ogres
  2 hydra skeletons
  A boulder beetle (Orc:2)
  11 slime creatures (D:15)
  The ghost of casual the Magician, an average OpTm (D:5)
  13 blink frogs
  A trapdoor spider (D:13)
  A griffon skeleton (D:13)
  A grizzly bear (Lair:3)
  A griffon zombie (D:11)
  49 yaks
  A basilisk (Lair:5)
  23 ugly things
  2 shadows (D:13)
  4 wyverns
  2 wraiths (D:15)
  4 sharks (D:14)
  2 water elementals
  An elephant slug (Lair:8)
  The ghost of krumphau the Covered, an average MiFi (D:3)
  11 hippogriffs
  2 hungry ghosts
  Grum (D:8)
  26 wolves
  A hill giant skeleton (D:14)
  14 vampire mosquitoes
  A steam dragon (D:13)
  2 mottled dragons
  2 hell hounds (Lair:8)
  2 manticores
  5 necrophages (D:9)
  12 porcupines
  37 orc warriors
  5 giant goldfish
  2 black bears
  2 boring beetles
  15 ogres
  11 crocodiles
  8 wargs
  5 centaurs
  12 giant slugs
  A brain worm (D:14)
  17 giant frogs
  18 water moccasins
  8 agate snails
  A big kobold (D:13)
  A komodo dragon skeleton (D:15)
  A manticore skeleton (D:12)
  A cyclops skeleton (D:12)
  A hippogriff zombie (D:9)
  A yak zombie (D:9)
  39 killer bees
  6 wights
  3 electric eels
  A hippogriff skeleton (D:9)
  2 goliath beetles
  4 jellyfish (Lair:8)
  4 jellies
  21 hounds
  35 orc priests
  A centaur zombie (D:5)
  11 crimson imps
  A giant frog skeleton (D:11)
  5 big fish
  A soldier ant zombie (D:9)
  3 grizzly bear simulacra (Lair:7)
  2 basilisk skeletons (D:12)
  A warg zombie (Orc:3)
  11 iguanas
  41 orc wizards
  4 scorpions
  11 worker ants
  A killer bee zombie (D:9)
  6 orange rats
  3 ogre zombies
  Ijyb (D:5)
  A brain worm zombie (D:13)
  25 sheep
  2 hound zombies
  4 mummies
  A worker ant zombie (D:10)
  9 gnolls
  17 adders
  4 hound simulacra (Lair:7)
  A brain worm simulacrum (D:14)
  7 giant centipedes
  2 giant mites
  24 green rats
  3 worms
  2 giant centipede zombies
  3 giant eyeballs
  3 oozes
  197 orcs
  3 sheep simulacra (Lair:7)
  A ball python (D:2)
  23 bats
  2 bat zombies (D:5)
  3 giant cockroaches
  23 goblins
  27 hobgoblins
  50 jackals
  17 kobolds
  8 quokkas
  6 giant geckos
  7 giant newts
  4 giant spores
  A goblin skeleton (D:3)
  2 hobgoblin zombies
  2 orc simulacra (Orc:3)
  An orc skeleton (Orc:3)
  2 orc zombies (Orc:3)
  23 rats
  A rat simulacrum (Lair:7)
  9 ballistomycetes
  2 fungi
  A plant (Lair:7)
1193 creatures vanquished.

Vanquished Creatures (collateral kills)
  An orc wizard (D:7)
1 creature vanquished.

Vanquished Creatures (others)
  A black bear (D:7)
  A centaur (D:6)
  2 killer bees (D:9)
  An iguana (D:6)
  2 worker ants (D:6)
  A giant mite (D:6)
  A goblin (D:6)
  A bat (D:6)
  5 fungi
  2 plants
17 creatures vanquished.

Grand Total: 1211 creatures vanquished

Notes
Turn   | Place    | Note
--------------------------------------------------------------
     0 | D:1      | Kellhus, the Gargoyle Wizard, began the quest for the Orb.
     0 | D:1      | Reached XP level 1. HP: 8/8 MP: 5/5
   437 | D:1      | Reached XP level 2. HP: 13/13 MP: 4/7
  1003 | D:1      | Reached XP level 3. HP: 17/17 MP: 2/9
  1521 | D:1      | Reached skill level 4 in Conjurations
  1521 | D:1      | Reached XP level 4. HP: 3/22 MP: 0/11
  2196 | D:2      | Reached skill level 5 in Conjurations
  2324 | D:2      | Reached XP level 5. HP: 26/26 MP: 9/12
  2411 | D:2      | Learned a level 3 spell: Conjure Flame
  2415 | D:2      | Learned a level 3 spell: Mephitic Cloud
  3041 | D:3      | Reached skill level 6 in Conjurations
  3277 | D:3      | Found a bloodstained altar of Trog.
  3394 | D:3      | Noticed krumphau's ghost (average MiFi)
  3411 | D:3      | Killed krumphau's ghost
  3411 | D:3      | Reached skill level 7 in Conjurations
  3411 | D:3      | Reached XP level 6. HP: 31/31 MP: 0/14
  3908 | D:4      | Reached XP level 7. HP: 35/35 MP: 5/17
  4160 | D:4      | Found a staircase to the Ecumenical Temple.
  4174 | Temple   | Entered the Ecumenical Temple
  4272 | Temple   | Became a worshipper of Vehumet
  4285 | D:4      | Found a gateway to a ziggurat.
  4525 | D:4      | Paralysed by a giant eyeball for 3 turns
  4614 | D:4      | Got a shimmering mace
  4615 | D:4      | Identified the cursed +3,+2 mace of the Eleven Deaths {flame, Noisy rC+} (You found it on level 4 of the Dungeon)
  4615 | D:4      | Identified the cursed +3,+2 mace of the Eleven Deaths {flame, Noisy rC+} (You found it on level 4 of the Dungeon)
  4753 | D:5      | Entered Level 5 of the Dungeon
  4886 | D:5      | Acquired Vehumet's first power
  4886 | D:5      | Offered knowledge of Shock by Vehumet.
  4929 | D:5      | Reached skill level 5 in Spellcasting
  4993 | D:5      | Noticed casual's ghost (average OpTm)
  5179 | D:5      | Noticed Grinder
  5379 | D:5      | Reached XP level 8. HP: 40/40 MP: 17/21
  5610 | D:5      | Learned a level 2 spell: Blink
  5613 | D:5      | Learned a level 2 spell: Repel Missiles
  5643 | D:5      | Paralysed by Grinder for 4 turns
  5669 | D:5      | Paralysed by Grinder for 2 turns
  5674 | D:5      | Killed Grinder
  5674 | D:5      | Reached skill level 8 in Conjurations
  5790 | D:5      | Noticed Ijyb
  5804 | D:5      | Killed Ijyb
  6001 | D:5      | Killed casual's ghost
  6001 | D:5      | Reached skill level 9 in Conjurations
  6156 | D:5      | Reached skill level 10 in Conjurations
  6196 | D:6      | Reached XP level 9. HP: 44/44 MP: 13/23
  6198 | D:6      | Offered knowledge of Throw Frost by Vehumet.
  6284 | D:6      | Learned a level 2 spell: Throw Frost
  6360 | D:6      | Reached skill level 1 in Ice Magic
  6647 | D:6      | Found a shimmering altar of Xom.
  7405 | D:5      | Got a jewelled falchion
  7492 | D:6      | Reached skill level 5 in Ice Magic
  7562 | D:6      | Offered knowledge of Stone Arrow by Vehumet.
  7568 | D:6      | Learned a level 3 spell: Stone Arrow
  8135 | D:7      | Found a blossoming altar of Fedhas.
  8371 | D:7      | Acquired Vehumet's second power
  8556 | D:7      | Reached XP level 10. HP: 45/48 MP: 9/24
  8707 | D:7      | Offered knowledge of Iskenderun's Battlesphere by Vehumet.
  9276 | D:8      | Noticed Grum
  9336 | D:8      | Killed Grum
  9529 | D:8      | Reached skill level 10 in Ice Magic
  9955 | D:8      | Acquired Vehumet's third power
  9959 | D:8      | Offered knowledge of Iskenderun's Mystic Blast by Vehumet.
 10145 | D:8      | Found a staircase to the Orcish Mines.
 10145 | D:8      | Found a roughly hewn altar of Beogh.
 11050 | D:8      | Identified a scroll of acquirement
 11154 | D:9      | Found a staircase to the Lair.
 11798 | D:9      | Reached skill level 11 in Conjurations
 11798 | D:9      | Reached XP level 11. HP: 52/52 MP: 25/27
 12363 | D:9      | Offered knowledge of Throw Icicle by Vehumet.
 12374 | D:9      | Learned a level 4 spell: Throw Icicle
 12533 | D:9      | Found a basalt altar of Yredelemnul.
 12633 | D:9      | Reached skill level 12 in Conjurations
 13260 | Lair:1   | Entered Level 1 of the Lair of Beasts
 13674 | Lair:1   | Learned a level 3 spell: Regeneration
 13846 | Lair:1   | Noticed an eight-headed hydra
 13858 | Lair:1   | Killed an eight-headed hydra
 14849 | Lair:2   | Noticed Erica
 14889 | Lair:2   | Killed Erica
 15573 | Lair:2   | Reached XP level 12. HP: 57/57 MP: 23/29
 16841 | Lair:3   | Reached skill level 10 in Spellcasting
 16995 | Lair:3   | Offered knowledge of Bolt of Cold by Vehumet.
 17040 | Lair:3   | Learned a level 6 spell: Bolt of Cold
 17053 | Lair:3   | Reached skill level 1 in Fighting
 17462 | Lair:3   | Reached skill level 5 in Fighting
 19412 | Lair:4   | Reached skill level 13 in Conjurations
 19416 | Lair:4   | Reached XP level 13. HP: 68/68 MP: 20/31
 21176 | Lair:6   | Found a staircase to the Slime Pits.
 21331 | Lair:6   | Reached skill level 14 in Conjurations
 21589 | Lair:6   | Found a staircase to the Snake Pit.
 21595 | Lair:6   | Found a staircase to the Swamp.
 22356 | Lair:7   | Offered knowledge of Ignite Poison by Vehumet.
 22817 | Lair:7   | Reached skill level 15 in Conjurations
 23176 | Lair:7   | Gained mutation: Your wings are large and strong. [gargoyle growth]
 23176 | Lair:7   | Reached XP level 14. HP: 55/72 MP: 17/32
 23816 | Lair:8   | Entered Level 8 of the Lair of Beasts
 23868 | Lair:8   | Reached skill level 15 in Ice Magic
 24722 | Lair:8   | Offered knowledge of Ozocubu's Refrigeration by Vehumet.
 26107 | Lair:8   | Learned a level 6 spell: Ozocubu's Refrigeration
 26351 | Orc:1    | Entered Level 1 of the Orcish Mines
 26462 | Orc:1    | Noticed an orc warlord
 26481 | Orc:1    | Killed an orc warlord
 26862 | Orc:2    | Noticed Sonja
 26864 | Orc:2    | Killed Sonja
 27269 | Orc:2    | Found Otwoururo's Jewellery Shoppe.
 27638 | Orc:2    | Found a radiant altar of Vehumet.
 27638 | Orc:2    | Noticed Psyche
 27642 | Orc:2    | Killed Psyche
 28436 | Orc:3    | Noticed Josephine
 28438 | Orc:3    | Killed Josephine
 28753 | Orc:3    | Found Scharghui's Magical Wand Emporium.
 28804 | Orc:4    | Entered Level 4 of the Orcish Mines
 28804 | Orc:4    | Noticed an orc warlord
 29232 | Orc:4    | Offered knowledge of Conjure Ball Lightning by Vehumet.
 29266 | Orc:4    | Found Lejeorit's Weapon Boutique.
 29373 | Orc:4    | Killed an orc warlord
 30165 | Orc:4    | Found a staircase to the Elven Halls.
 30557 | Orc:4    | Reached skill level 5 in Dodging
 30559 | Orc:4    | Offered knowledge of Iron Shot by Vehumet.
 30704 | Orc:4    | Learned a level 6 spell: Iron Shot
 31191 | Orc:4    | Found Niru's Book Emporium.
 31192 | Orc:4    | Found Grown's Armour Shop.
 31196 | Orc:4    | Found Ogreejee's Armour Emporium.
 31196 | Orc:4    | Found Lyunobyl's Weapon Shop.
 31210 | Orc:4    | Bought a +1 cloak of preservation for 133 gold pieces
 31220 | Orc:4    | Bought the +0 mask of the Dragon {MR+ Acc+3 Dam+3 SInv} for 552 gold pieces
 31252 | Orc:4    | Bought a book of Air for 490 gold pieces
 31256 | Orc:4    | Learned a level 2 spell: Swiftness
 31257 | Orc:4    | Bought a book of Clouds for 630 gold pieces
 31895 | Lair:2   | Learned a level 6 spell: Freezing Cloud
 32002 | D:10     | Entered Level 10 of the Dungeon
 32594 | D:10     | Found a radiant altar of Vehumet.
 32682 | D:10     | Reached XP level 15. HP: 62/79 MP: 20/34
 33099 | D:11     | Noticed Harold
 33103 | D:11     | Killed Harold
 34016 | D:12     | Noticed Erolcha
 34018 | D:12     | Killed Erolcha
 34097 | D:12     | Noticed Nessos
 34101 | D:12     | Killed Nessos
 35361 | D:13     | Got a slimy glass ring
 35375 | D:13     | Found a labyrinth entrance.
 35398 | Lab      | Entered a labyrinth
 35943 | Lab      | Identified the Collected Works on the Frostbite (You found it in a labyrinth)
 36040 | D:13     | Noticed Gastronok
 36044 | D:13     | Killed Gastronok
 37030 | D:14     | Entered Level 14 of the Dungeon
 37276 | D:14     | Identified the ring of Kikubaaqudgha's Favour {Fire MR++ SInv} (You found it on level 13 of the Dungeon)
 37558 | D:14     | Reached skill level 16 in Conjurations
 37852 | D:14     | Offered knowledge of Poison Arrow by Vehumet.
 38509 | Lair:2   | Learned a level 6 spell: Poison Arrow
 40084 | D:15     | Entered Level 15 of the Dungeon
 41345 | D:16     | Found Shib's Jewellery Boutique.
 41372 | D:16     | Reached XP level 16. HP: 86/86 MP: 10/35
 41499 | D:16     | Quit the game

Action                   |  1- 3 |  4- 6 |  7- 9 | 10-12 | 13-15 | 16-18 || total
-------------------------+-------+-------+-------+-------+-------+-------++-------
Melee: Unarmed           |    48 |    32 |     9 |       |       |       ||    89
       War axe           |       |       |    52 |    22 |       |       ||    74
       Staff             |       |       |       |     1 |    41 |       ||    42
 Fire: Blowgun           |       |       |    12 |       |       |       ||    12
 Cast: Magic Dart        |    77 |   146 |   208 |    31 |       |       ||   462
       Conjure Flame     |       |     4 |     8 |     1 |       |       ||    13
       Mephitic Cloud    |       |       |    13 |    15 |       |       ||    28
       Throw Frost       |       |       |   138 |   678 |   612 |       ||  1428
       Blink             |       |       |     1 |       |     2 |       ||     3
       Stone Arrow       |       |       |       |    45 |       |       ||    45
       Throw Icicle      |       |       |       |   106 |   602 |     4 ||   712
       Bolt of Cold      |       |       |       |    12 |   100 |       ||   112
       Ozocubu's Refrige |       |       |       |       |    11 |       ||    11
       Repel Missiles    |       |       |       |       |     1 |       ||     1
       Freezing Cloud    |       |       |       |       |    12 |       ||    12
       Swiftness         |       |       |       |       |     1 |       ||     1
 Abil: Fly               |       |       |       |       |     1 |       ||     1
Evoke: Wand              |       |       |     1 |     6 |    11 |       ||    18
  Use: Scroll            |       |     2 |     1 |    26 |    12 |       ||    41
       Potion            |       |       |       |     1 |     1 |       ||     2
 Stab: Confused          |       |       |     1 |     1 |       |       ||     2
